 Dungeon Crawl Stone Soup version 0.29.1-2-gbd0b4ee654 (webtiles) character file.

Game seed: 8548584927835714415

85 GorkyZ the Chopper (level 4, -2/28 HPs)
             Began as a Gargoyle Gladiator on Nov 30, 2022.
             Slain by a gnoll
             ... wielding a +0 spear
              (3 damage)
             ... on level 2 of the Dungeon.
             The game lasted 00:02:30 (1385 turns).

GorkyZ the Chopper (Gargoyle Gladiator)             Turns: 1385, Time: 00:02:31

Health: -2/28      AC:  9    Str: 19    XL:     4   Next: 48%
Magic:  4/4        EV: 12    Int:  9    God:
Gold:   91         SH:  0    Dex: 11    Spells: 3/3 levels left

rFire   . . .      SeeInvis .   a - +0 war axe
rCold   . . .      Faith    .   (no shield)
rNeg    + . .      Spirit   .   b - +0 leather armour
rPois   ∞          Reflect  .   c - +0 helmet
rElec   +          Harm     .   (no cloak)
rCorr   .          Rampage  .   i - +1 pair of gloves
Will    .....                   (no boots)
Stlth   +.........              (no amulet)
HPRegen 0.09/turn               (no ring)
MPRegen 0.09/turn               (no ring)

@: no status effects
A: sickness immunity, AC +3, negative energy resistance 1, electricity
resistance, torment resistance 1, petrification resistance
a: no special abilities


You were on level 2 of the Dungeon.
You visited 1 branch of the dungeon, and saw 2 of its levels.

You collected 91 gold pieces.

Inventory:

Hand Weapons
 a - a +0 war axe (weapon)
Missiles
 d - 3 throwing nets (quivered)
 e - 6 javelins
 m - 4 curare-tipped darts
Armour
 b - a +0 leather armour (worn)
 c - a +0 helmet (worn)
 i - a +1 pair of gloves (worn)
Jewellery
 f - an amulet of magic regeneration
 l - a ring of wizardry
Scrolls
 k - a scroll of enchant weapon {unknown}
Potions
 g - 2 potions of cancellation {unknown}
 h - a potion of curing {unknown}
 j - a potion of ambrosia {unknown}
 n - a potion of attraction {unknown}
 o - a potion of might {unknown}


   Skills:
 + Level 3.0 Fighting
 + Level 3.1(3.3) Axes
 + Level 1.3(2.4) Polearms
 + Level 2.3 Throwing
 + Level 2.8 Dodging


You had 3 spell levels left.
You didn't know any spells.
Your spell library contained the following spells:

 Spells                   Type           Power      Damage    Failure   Level
 Confusing Touch          Hex            0%         N/A       82%         3
 Yara's Violent Unravell  Hex/Tmut       0%         3d3       100%        5
 Enfeeble                 Hex            0%         N/A       100%        7


Dungeon Overview and Level Annotations

Branches:
Dungeon (2/15)

Altars:


Innate Abilities, Weirdness & Mutations

You are immune to sickness and miasma.
Your stone body is resilient. (AC +3)
You are immune to poison.
You resist negative energy. (rN+)
You are resistant to electric shocks. (rElec)
You are resistant to unholy torment.
You are immune to petrification.


Message History

The gnoll is moderately wounded.
The gnoll closely misses you.
You hit the gnoll.
The gnoll is almost dead.
You hit the giant cockroach.
The giant cockroach bites you but does no damage.
The gnoll barely misses you.
The giant cockroach waves its antennae.
The giant cockroach bites you but does no damage.
A gnoll comes into view. It is wielding a +0 spear.
The gnoll closely misses you.
The gnoll shouts!
You hit the gnoll.
You kill the gnoll!
You closely miss the giant cockroach. The giant cockroach misses you.
You barely miss the giant cockroach.
The giant cockroach is severely wounded.
The giant cockroach bites you but does no damage. x2
You slash the giant cockroach!
You kill the giant cockroach!
The gnoll throws a throwing net.
The throwing net hits you.
You become entangled in the net!
The gnoll barely misses you.
You struggle against the net.
The gnoll completely misses you.
The gnoll hits you from afar with a +0 spear.
You tear a large gash into the net.
The gnoll hits you from afar with a +0 spear.
The gnoll hits you with a +0 flail.
You shred the net and break free! The gnoll hits you but does no damage.
The gnoll hits you with a +0 flail.
You hit the gnoll.
The gnoll is moderately wounded.
The gnoll hits you but does no damage.
The gnoll hits you from afar with a +0 spear.
The gnoll closely misses you.
You see here a +0 halberd.
You barely miss the gnoll. You hit the gnoll.
The gnoll hits you with a +0 flail!
* * * LOW HITPOINT WARNING * * *
The gnoll hits you with a +0 spear.
You die...

#.......# ##
###.......# .# ##
#.........## .# #..
#..........# .# .##..
#...........# ##
...... #.........#...
.......###
#.........#### ##
.......g.# #.........#
.#
.......#@###...#######
.#
.......#g#..........
.##
...$...#.#.#########
..# .......#.#.# ..#
.......#.#'### ..#
#(.†...# ..#
#........†...# ..#
#............+ ..#
#............#


You could see 2 gnolls.

Vanquished Creatures
  An adder (D:2)
  A gnoll (D:2)
  A dart slug (D:1)
  2 ball pythons (D:1)
  5 endoplasms
  2 giant cockroaches (D:2)
  6 goblins
  4 hobgoblins
  14 jackals
  3 kobolds (D:1)
  2 quokkas
  4 bats
  3 frilled lizards
  9 rats
57 creatures vanquished.

Notes
Turn   | Place    | Note
-------+----------+-------------------------------------------
     0 | D:1      | GorkyZ the Gargoyle Gladiator began the quest for the Orb.
     0 | D:1      | Reached XP level 1. HP: 12/12 MP: 1/1
    48 | D:1      | Reached XP level 2. HP: 4/18 MP: 2/2
   570 | D:1      | Reached XP level 3. HP: 22/22 MP: 3/3
   666 | D:1      | Reached skill level 1 in Polearms
  1029 | D:1      | Found a faded altar of an unknown god.
  1089 | D:2      | Reached XP level 4. HP: 27/27 MP: 4/4
  1385 | D:2      | HP: 1/28 [gnoll/+0 flail (11)]
  1385 | D:2      | Slain by a gnoll

Illustrated notes

Levels and vault maps discovered:
D:1:      erik_arrival_triangle_large, layout_basic,
          shapermc_ecumenical_altar_hornbeckon, minmay_misc_feat_enclosed,
          minmay_small_reverse_x
D:2:      layout_basic, amcnicky_mini_corridor_feature

Skill      XL: |  1  2  3  4 |
---------------+-------------+-----
Throwing       | 2 |  2.3
Polearms       | 1 |  1.3
Axes           | 3 |  3.1
Fighting       | 3 |  3.0
Dodging        | |  2.8

Action                   |  1- 3 |  4- 6 || total
-------------------------+-------+-------++-------
Melee: War axe           |    98 |    50 ||   148
       Punch             |     1 |       ||     1
Armor: Leather armour    |    56 |    28 ||    84
Dodge: Dodged            |   101 |    63 ||   164
